 Dungeon Sprint DCSS version 0.30-a0-43-gbbf338a72c (webtiles) character file.

Game seed: 6281617473920557454

2730 mhtbhm the Eclecticist (level 9, -4/48 HPs)
             Began as a Deep Elf Earth Elementalist on Aug 31, 2022.
             Was a High Priest of Vehumet.
             Shot with an arrow by a centaur warrior (20 damage)
             ... in the Dungeon (Sprint III: "The Ten Rune Challenge") on Sept 1, 2022.
             The game lasted 00:05:26 (1470 turns).

mhtbhm the Eclecticist (DEEE)                       Turns: 1470, Time: 00:05:26

Health: -4/48      AC:  5    Str:  9    XL:     9   Next: 40%
Magic:  30/32      EV: 14    Int: 24    God:    Vehumet [*****.]
Gold:   2695       SH:  0    Dex: 14    Spells: 23/43 levels left

rFire   . . .      SeeInvis .    p - +2 quarterstaff (chaos)
rCold   . . .      Faith    .    (shield currently unavailable)
rNeg    . . .      Spirit   .    a - +2 robe {Will+}
rPois   .          Reflect  .    (no helmet)
rElec   +          Harm     .    o - +0 cloak
rCorr   .          Rampage  .    (no gloves)
Will    +....      NoTele   +    (no boots)
Stlth   +++.......               (no amulet)
HPRegen 0.16/turn                (no ring)
MPRegen 0.23/turn                (no ring)

@: no status effects
A: electricity resistance, strong 1, wild magic 1
a: Renounce Religion


You were in the Dungeon.
You worshipped Vehumet.
Vehumet was extremely pleased with you.
You visited 1 branch You collected 2695 gold pieces.

Inventory:

Hand Weapons
 p - a +2 quarterstaff of chaos (weapon)
Missiles
 r - 2 silver boomerangs (quivered)
Armour
 a - a +2 robe of willpower (worn)
 o - a +0 cloak (worn)
Wands
 n - a wand of roots (8)
 q - a wand of paralysis (5)
Scrolls
 h - a scroll of enchant armour {unknown}
 i - a scroll of poison {unknown}
 j - 4 scrolls of identify
 l - a scroll of torment {unknown}
Potions
 b - 3 potions of magic
 c - a potion of curing
 d - 2 potions of heal wounds
 e - a potion of haste
 f - a potion of berserk rage
 k - 2 potions of flight {unknown}
 m - a potion of mutation
Miscellaneous
 g - a tin of tremorstones (1/2)


   Skills:
 + Level 1.6 Fighting
 + Level 6.1 Dodging
 + Level 6.7 Stealth
 + Level 17.9 Spellcasting
 + Level 1.5 Conjurations
 + Level 1.7 Hexes
 + Level 2.9 Transmutations
 + Level 0.6 Fire Magic
 + Level 1.9 Ice Magic
 + Level 1.6 Air Magic
 + Level 15.5 Earth Magic
 + Level 4.3 Evocations


You had 23 spell levels left.
You knew the following spells:

 Your Spells              Type           Power      Damage    Failure   Level
a - Sandblast             Erth           100%       2d20      1%          1
b - Passwall              Tmut/Erth      59%        N/A       1%          2
c - Stone Arrow           Conj/Erth      100%       3d13      1%          3
d - Petrify               Tmut/Erth      71%        N/A       1%          4
e - Blink                 Tloc           54%        N/A       6%          2
f - Swiftness             Air            37%        N/A       6%          3
g - Ensorcelled Hibernat  Hex/Ice        78%        N/A       3%          2
h - Inner Flame           Hex/Fire       35%        N/A       1%          3

Your spell library contained the following spells:

 Spells                   Type           Power      Damage    Failure   Level
 Freezing Cloud           Conj/Ice/Air   19%        6-21      12%         5
 Manifold Assault         Tloc           27%        N/A       63%         5
 Storm Form               Tmut/Air       21%        N/A       100%        7


Dungeon Overview and Level Annotations

Branches:
Dungeon (1/1)

Altars:
Cheibriados
Dithmenos
Elyvilon
Fedhas
Gozag
Hepliaklqana
Kikubaaqudgha
Makhleb
Nemelex Xobeh
Okawaru
Qazlal
Ru
Sif Muna
Trog
Uskayaw
Vehumet
Wu Jian
Xom
Yredelemnul
Zin
The Shining One
Jiyva
Lugonu

Shops:
D *


Innate Abilities, Weirdness & Mutations

You are resistant to electric shocks. (rElec)
Your muscles are strong. (Str +4, Int/Dex -1)
Your spells are a little harder to cast, but a little more powerful.


Message History

Okay, then.
The tremorstone explodes into fragments!
The burst of rock shards engulfs the centaur warrior!
The centaur warrior shouts!
The burst of rock shards engulfs the centaur!
The centaur shouts!
The burst of rock shards engulfs the centaur!!
The centaur shouts!
The burst of rock shards engulfs the centaur!!
You kill the centaur!
Vehumet accepts your kill.
The burst of rock shards engulfs the centaur warrior!!
The burst of rock shards engulfs the centaur!
You kill the centaur!
Vehumet accepts your kill. The burst of rock shards engulfs you.
The centaur warrior wields a +0 shortbow.
The centaur warrior shoots an arrow.
The arrow misses you.
Unknown command.
Unknown command.
Unknown command.
Casting: Stone Arrow (safe; 1% risk of failure)
Confirm with . or Enter, or press ? or * to list all spells.
Aiming: Sandblast (safe; 1% risk of failure)
Press: ? - help, Shift-Dir - straight line, f - centaur warrior
Aim: a centaur warrior, wielding a +0 shortbow (heavily wounded, 89% to hit)
The blast of sand hits the centaur warrior.
The centaur warrior is heavily wounded.
The centaur warrior shoots an arrow.
The arrow hits you!
The centaur warrior shoots an arrow.
The arrow hits you!
Casting: Sandblast (safe; 1% risk of failure)
Confirm with . or Enter, or press ? or * to list all spells.
Aiming: Sandblast (safe; 1% risk of failure)
Press: ? - help, Shift-Dir - straight line, f/p - centaur warrior
Aim: a centaur warrior, wielding a +0 shortbow (heavily wounded, 89% to hit)
The blast of sand hits the centaur warrior!!
The centaur warrior is almost dead.
The centaur warrior shoots an arrow.
The arrow barely misses you.
The centaur warrior shoots an arrow.
The arrow hits you!!
You die...

########.######..#
___#__#.#.##.#...+
__)#._#.....))...#
÷###[##..).).).#.#
......#).)).)).###
......#)#)).)∩#..#
#####'#)######.#.#
__#...#§#############
__#...#§§§§~'.#.@...+
__#...#§#§§~#.#.#...#
__#...'.#.§.#.#.#)..#
__'...#.#.§§#...#c).#
▓▓▓▓▓▓▓▓▓▓▓▓▓▓▓▓▓▓▓▓#


You could see a centaur warrior.

Vanquished Creatures
  Josephine (D)
  An orc knight (D)
  A deep elf pyromancer (D)
  A shadow (D)
  A spatial vortex (D)
  An orc warrior (D)
  2 centaurs (D)
  An earth elemental (D)
  A necrophage (D)
  A water elemental (D)
  An orc priest (D)
  A jelly (D)
  Crazy Yiuf (D)
  A wizard (D)
  Jessica (D)
  A necromancer (D)
  2 orc wizards (D)
  A kobold demonologist (D)
  3 humans (D)
  13 orcs (D)
  An endoplasm (D)
  A rat (D)
38 creatures vanquished.

Notes
Turn   | Place    | Note
-------+----------+-------------------------------------------
     0 | D        | mhtbhm the Deep Elf Earth Elementalist began the quest for
                  | the Orb.
     0 | D        | Reached XP level 1. HP: 10/10 MP: 6/6
    27 | D        | Noticed Jessica
    29 | D        | Killed Jessica
    30 | D        | Reached skill level 4 in Spellcasting
    30 | D        | Reached skill level 5 in Earth Magic
    30 | D        | Reached XP level 2. HP: 15/15 MP: 5/9
    65 | D        | Learned a level 2 spell: Passwall
    91 | D        | Gained mutation: Potions are less effective at restoring
                  | your health. [potion of mutation]
    91 | D        | Gained mutation: Your mind is acute. (Int +4, Str/Dex -1)
                  | [potion of mutation]
    91 | D        | Lost mutation: Your mind is acute. (Int +4, Str/Dex -1)
                  | [potion of mutation]
    91 | D        | Gained mutation: You have large cloven feet. [potion of
                  | mutation]
    92 | D        | Lost mutation: You have large cloven feet. [potion of
                  | mutation]
    92 | D        | Lost mutation: Potions are less effective at restoring your
                  | health. [potion of mutation]
    92 | D        | Gained mutation: You are somewhat resistant to further
                  | mutation. [potion of mutation]
    94 | D        | Lost mutation: You are somewhat resistant to further
                  | mutation. [potion of mutation]
    94 | D        | Gained mutation: You are agile. (Dex +4, Str/Int -1)
                  | [potion of mutation]
    94 | D        | Gained mutation: You do not regenerate when monsters are
                  | visible. [potion of mutation]
    95 | D        | Lost mutation: You are agile. (Dex +4, Str/Int -1) [potion
                  | of mutation]
    95 | D        | Lost mutation: You do not regenerate when monsters are
                  | visible. [potion of mutation]
    95 | D        | Gained mutation: You occasionally shout uncontrollably at
                  | your foes. [potion of mutation]
    95 | D        | Gained mutation: You are agile. (Dex +4, Str/Int -1)
                  | [potion of mutation]
    96 | D        | Lost mutation: You are agile. (Dex +4, Str/Int -1) [potion
                  | of mutation]
    96 | D        | Lost mutation: You occasionally shout uncontrollably at
                  | your foes. [potion of mutation]
    96 | D        | Gained mutation: Your spells are a little harder to cast,
                  | but a little more powerful. [potion of mutation]
    96 | D        | Gained mutation: You are resistant to electric shocks.
                  | (rElec) [potion of mutation]
    96 | D        | Gained mutation: Your muscles are strong. (Str +4, Int/Dex
                  | -1) [potion of mutation]
    97 | D        | Noticed Crazy Yiuf
   100 | D        | Killed Crazy Yiuf
   101 | D        | Reached skill level 5 in Spellcasting
   101 | D        | Reached XP level 3. HP: 7/19 MP: 6/11
   311 | D        | Reached XP level 4. HP: 24/24 MP: 8/13
   349 | D        | Learned a level 3 spell: Stone Arrow
   354 | D        | Learned a level 4 spell: Petrify
   371 | D        | Noticed a water elemental
   373 | D        | Killed a water elemental
   374 | D        | Reached skill level 7 in Spellcasting
   401 | D        | Found a radiant altar of Vehumet.
   401 | D        | Found a shimmering blue altar of Sif Muna.
   401 | D        | Found an ancient bone altar of Kikubaaqudgha.
   401 | D        | Noticed a wizard
   403 | D        | Killed a wizard
   404 | D        | Reached XP level 5. HP: 28/28 MP: 14/17
   404 | D        | Noticed a sun demon
   408 | D        | Reached skill level 8 in Spellcasting
   419 | D        | Became a worshipper of Vehumet
   433 | D        | Learned a level 2 spell: Blink
   437 | D        | Learned a level 3 spell: Swiftness
   440 | D        | Learned a level 2 spell: Ensorcelled Hibernation
   444 | D        | Found a basalt altar of Yredelemnul.
   444 | D        | Found a shadowy altar of Dithmenos.
   444 | D        | Found a sacrificial altar of Ru.
   447 | D        | Reached skill level 5 in Stealth
   451 | D        | Reached skill level 5 in Dodging
   451 | D        | Reached skill level 9 in Spellcasting
   451 | D        | Reached skill level 10 in Earth Magic
   451 | D        | Reached skill level 1 in Evocations
   451 | D        | Reached XP level 6. HP: 22/32 MP: 14/20
   542 | D        | Found a glowing silver altar of Zin.
   542 | D        | Found a glowing golden altar of the Shining One.
   542 | D        | Found a white marble altar of Elyvilon.
   542 | D        | Noticed a deep elf pyromancer
   545 | D        | Noticed a fire elemental
   545 | D        | Noticed a fire elemental
   545 | D        | Killed a deep elf pyromancer
   545 | D        | Reached * piety under Vehumet
   545 | D        | Offered knowledge of Freeze by Vehumet.
   546 | D        | Reached skill level 12 in Spellcasting
   546 | D        | Reached XP level 7. HP: 36/36 MP: 17/24
   615 | D        | Found a hide-covered altar of Uskayaw.
   615 | D        | Found an iron altar of Okawaru.
   615 | D        | Found a bloodstained altar of Trog.
   615 | D        | Found an ornate altar of the Wu Jian Council.
   615 | D        | Noticed a human
   615 | D        | Noticed a human
   619 | D        | Killed a human
   620 | D        | Reached skill level 13 in Spellcasting
   899 | D        | Killed a human
   925 | D        | Reached ** piety under Vehumet
   932 | D        | Noticed a shadow
   934 | D        | Killed a shadow
   934 | D        | Offered knowledge of Foxfire by Vehumet.
   935 | D        | Reached skill level 14 in Spellcasting
   935 | D        | Reached XP level 8. HP: 31/42 MP: 28/28
  1012 | D        | Found a blossoming altar of Fedhas.
  1012 | D        | Found a stormy altar of Qazlal.
  1012 | D        | Found a snail-covered altar of Cheibriados.
  1012 | D        | Found a burning altar of Makhleb.
  1012 | D        | Found a shimmering altar of Xom.
  1013 | D        | Found a hazy altar of Hepliaklqana.
  1013 | D        | Found an opulent altar of Gozag.
  1013 | D        | Found a sparkling altar of Nemelex Xobeh.
  1013 | D        | Found a corrupted altar of Lugonu.
  1013 | D        | Found a viscous altar of Jiyva.
  1017 | D        | Reached skill level 1 in Ice Magic
  1140 | D        | Noticed Josephine
  1142 | D        | Killed Josephine
  1142 | D        | Offered knowledge of Inner Flame by Vehumet.
  1143 | D        | Reached skill level 1 in Fighting
  1143 | D        | Reached skill level 16 in Spellcasting
  1143 | D        | Reached skill level 1 in Hexes
  1143 | D        | Reached skill level 1 in Air Magic
  1167 | D        | Learned a level 3 spell: Inner Flame
  1174 | D        | Noticed an orc knight
  1176 | D        | Reached *** piety under Vehumet
  1176 | D        | Offered knowledge of Airstrike by Vehumet.
  1176 | D        | Reached **** piety under Vehumet
  1176 | D        | Reached ***** piety under Vehumet
  1177 | D        | Reached XP level 9. HP: 46/47 MP: 31/31
  1182 | D        | Killed an orc knight
  1183 | D        | Reached skill level 17 in Spellcasting
  1183 | D        | Reached skill level 15 in Earth Magic
  1188 | D        | Reached skill level 1 in Conjurations
  1317 | D        | Found Faurrie's Assorted Antiques.
  1419 | D        | Offered knowledge of Freezing Cloud by Vehumet.
  1467 | D        | Noticed a centaur warrior
  1470 | D        | Shot with an arrow by a centaur warrior

Illustrated notes

Levels and vault maps discovered:
D:        dungeon_sprint_mu [sprint_mu_entry_forest, sprint_mu_temple_rooms,
          sprint_mu_d1_horrors, sprint_mu_d2_genie, sprint_mu_d3_branching,
          sprint_mu_orc_legion, sprint_mu_elf_gauntlet, sprint_mu_hive_nellie,
          sprint_mu_lair_fedhas, sprint_mu_vaults_butterflies,
          sprint_mu_slime_circle, sprint_mu_swamp_cave, sprint_mu_snake_twists,
          sprint_mu_blade_basic, sprint_mu_crypt_fortress,
          sprint_mu_tomb_spiral, sprint_mu_vestibule_basic,
          sprint_mu_gehenna_hellfire, sprint_mu_dis_giant,
          sprint_mu_tartarus_statrot, sprint_mu_cocytus_islands, sprint_mu_zot1]

Skill      XL: |  1  2  3  4  5  6  7  8  9 |
---------------+----------------------------+-----
Earth Magic    | 5 6 7 8 10 12 13 14 15 | 15.5
Dodging        | 3 4 5 6 |  6.1
Stealth        | 3 4 5 6 |  6.7
Spellcasting   | 4 5 7 9 12 14 16 17 | 17.9
Transmutations | 2 |  2.9
Evocations     | 1 2 3 4 |  4.3
Ice Magic      | 1 |  1.9
Fighting       | 1 |  1.6
Hexes          | 1 |  1.7
Air Magic      | 1 |  1.6
Conjurations   | 1 |  1.5
Fire Magic     | |  0.6

Action                   |  1- 3 |  4- 6 |  7- 9 || total
-------------------------+-------+-------+-------++-------
 Cast: Sandblast         |    10 |    11 |    18 ||    39
       Passwall          |     1 |       |       ||     1
       Swiftness         |       |       |     1 ||     1
       Ensorcelled Hiber |       |       |     1 ||     1
       Inner Flame       |       |       |     1 ||     1
       Stone Arrow       |       |       |    11 ||    11
Evoke: Wand              |       |     4 |     2 ||     6
       Tin of tremorston |       |       |     3 ||     3
  Use: Potion            |     5 |       |       ||     5
       Scroll            |       |       |     1 ||     1
Armor: Robe              |       |     2 |     1 ||     3
Dodge: Dodged            |       |     3 |    12 ||    15

Table legend: (Time is in decaauts)
 A = Elapsed time spent in this place.
 B = Non-inter-level travel time spent in this place.
 C = Inter-level travel time spent in this place.
 D = Time resting spent in this place.
 E = Time spent auto-exploring this place.
 F = Levels seen in this place.
 G = Mean time per level.
                   A        B        C        D        E       F      G
               +--------+--------+--------+--------+--------+-----+--------+
         Total |   1491 |   1491 |      0 |   1003 |     22 |   1 | 1491.0 |
       Dungeon |   1491 |   1491 |      0 |   1003 |     22 |   1 | 1491.0 |
               +--------+--------+--------+--------+--------+-----+--------+

Top non-repeatable levels by time:
       D: 1491 daAuts
